 Dungeon Crawl Stone Soup version 0.18.1-48-g4cf74bf (webtiles) character file.

634 sarahorange the Magician (level 7, -7/32 HPs)
             Began as a Spriggan Venom Mage on June 26, 2016.
             Shot with an arrow by a centaur (17 damage)
             ... on level 5 of the Dungeon.
             The game lasted 00:49:12 (6082 turns).

sarahorange the Magician (Spriggan Venom Mage)      Turns: 6082, Time: 00:49:12

Health: -7/32      AC:  2    Str:  5    XL:     7   Next: 24%
Magic:  2/16       EV: 17    Int: 24    God:
Gold:   268        SH:  0    Dex: 11    Spells: 5 memorised, 4 levels left

rFire  + + .     SeeInvis +     D - +1 spear of Frustration {pierce, rF++ Int+6 Dex-5}
rCold  . . .     Gourm    .     f - +0 robe
rNeg   . . .     Faith    .     (shield currently unavailable)
rPois  .         Spirit   .     (helmet restricted)
rElec  .         Dismiss  .     (no cloak)
rCorr  .         Reflect  .     (gloves unavailable)
SustAt .         Harm     .     (boots unavailable)
MR     +....                    (no amulet)
Stlth  ++++......               (no ring)
                                k - ring of stealth

@: very slightly contaminated, very quick, somewhat resistant to hostile
enchantments, stealthy
A: unfitting armour, see invisible, herbivore 3, speed 3, slow metabolism 2
a: no special abilities


You were on level 5 of the Dungeon.
You were not hungry.

You visited 1 branch of the dungeon, and saw 6 of its levels.

You collected 268 gold pieces.

Inventory:

Hand Weapons
 x - a +2 rapier of venom
 D - the +1 spear of Frustration (weapon) {pierce, rF++ Int+6 Dex-5}
   (You found it on level 4 of the Dungeon)

   It inflicts extra damage upon your enemies.
   It affects your intelligence (+6).
   It affects your dexterity (-5).
   It greatly protects you from fire.
Missiles
 h - 150 stones
 j - 4 tomahawks (quivered)
 p - 15 poisoned needles
 r - 6 tomahawks of returning
 v - 4 needles of sleeping
Armour
 f - a +0 robe (worn)
Jewellery
 g - an uncursed ring of resist corrosion
 k - a ring of stealth (left hand)
Wands
 z - a wand of iceblast (9/15)
Scrolls
 e - 2 scrolls of enchant weapon
 o - 3 scrolls of teleportation {unknown}
 q - a scroll of fog {unknown}
 w - 2 scrolls of identify
 y - a scroll of recharging
 C - 3 scrolls of amnesia {unknown}
 F - a scroll of fear {unknown}
 G - a scroll of noise {unknown}
Potions
 a - 2 potions of resistance {unknown}
 d - 2 potions of flight
 l - a potion of might {unknown}
 m - a potion of degeneration {unknown}
 n - a potion of beneficial mutation {unknown}
 s - a potion of curing
 t - a potion of mutation {unknown}
 u - 3 potions of haste {unknown}
 A - a potion of berserk rage {unknown}
Books
 b - a Young Poisoner's Handbook

   Spells                             Type                      Level
   a - Sting                          Conjuration/Poison           1
   b - Cure Poison                    Poison                       2
   c - Mephitic Cloud                 Conjuration/Poison/Air       3
   d - Olgreb's Toxic Radiance        Poison                       4
   e - Venom Bolt                     Conjuration/Poison           5
 i - a book of Alchemy

   Spells                             Type                      Level
   a - Sublimation of Blood           Necromancy                   2
   b - Ignite Poison                  Fire/Transmutation/Poison    3
   c - Petrify                        Transmutation/Earth          4
   d - Alistair's Intoxication        Transmutation/Poison         5
   e - Irradiate                      Conjuration/Transmutation    5
Comestibles
 c - 2 bread rations
 B - 2 slices of pizza
 E - 3 fruits


   Skills:
 + Level 0.2 Fighting
 + Level 0.7 Short Blades
 + Level 0.1 Polearms
 + Level 3.2 Throwing
 + Level 3.7 Dodging
 + Level 3.7 Stealth
 * Level 5.8 Spellcasting
 + Level 2.1 Conjurations
 + Level 0.3 Transmutations
 + Level 0.3 Air Magic
 + Level 5.3 Poison Magic


You had 4 spell levels left.
You knew the following spells:

 Your Spells              Type           Power        Failure   Level  Hunger
a - Sting                 Conj/Pois      ###.         1%          1    None
b - Cure Poison           Pois           ####......   1%          2    None
c - Mephitic Cloud        Conj/Pois/Air  ###.....     10%         3    #......
d - Olgreb's Toxic Radia  Pois           ####....     12%         4    ###....
e - Ignite Poison         Fire/Trmt/Pois ###.....     14%         3    #......


Dungeon Overview and Level Annotations

Branches:
Dungeon (6/15)
 Temple: D:4-7

Altars:
Elyvilon
Fedhas
Ru
Trog
The Shining One

Annotations:
D:5 Urgaas's ghost, amateur DsBe
D:6 Rationalist's ghost, amateur MiFi


Innate Abilities, Weirdness & Mutations

You are tiny and cannot use many weapons and most armour.
You have supernaturally acute eyesight.
You are a herbivore.
You cover ground extremely quickly.
You need consume almost no food.


Message History

The centaur hits you but does no damage.
The centaur hits you!
You hit the centaur.
The centaur is moderately wounded.
The centaur hits you. The centaur misses you.
Casting: Sting
Confirm with . or Enter, or press ? or * to list all spells.
Aiming: Sting
Press: ? - help, Shift-Dir - straight line, f - centaur
Aim: a centaur (moderately wounded)
The sting hits the centaur.
The centaur is poisoned.
The centaur is heavily wounded.
The centaur hits you.
Casting: Sting
Confirm with . or Enter, or press ? or * to list all spells.
You don't have enough magic to cast that spell.
The centaur wields an uncursed shortbow.
The centaur shoots an arrow.
The arrow hits you!
Ouch! That really hurt!
You die...

#.#####.#
##.#####.######
..............#
##.#####.####.####
#.#####.##a.....#
#.......##.#.##.#
##########ยง#.##.#
# #..#.# ########
##.#@# .......#
.#.# .......#
#....c.# .......#
####.### .......#
#. .......# .
.......# #.
.......# #
###.####


You could see a centaur.

Vanquished Creatures
  Sigmund (D:2)
  2 ogres
  A giant frog skeleton (D:4)
  A hound (D:5)
  An orc wizard (D:5)
  Jessica (D:2)
  A hound skeleton (D:4)
  8 gnolls
  5 adders
  An ooze (D:3)
  2 worms
  2 dart slugs (D:1)
  3 giant geckos
  8 orcs
  3 giant cockroaches
  6 hobgoblins
  4 jackals (D:2)
  3 quokkas
  8 bats
  4 giant newts
  2 goblins
  4 kobolds
  4 rats
75 creatures vanquished.

Notes
Turn   | Place    | Note
--------------------------------------------------------------
     0 | D:1      | sarahorange the Spriggan Venom Mage began the quest for the Orb.
     0 | D:1      | Reached XP level 1. HP: 9/9 MP: 5/5
   382 | D:1      | Reached XP level 2. HP: 13/13 MP: 2/6
   604 | D:1      | Learned a level 2 spell: Cure Poison
  1197 | D:2      | Noticed Jessica
  1224 | D:2      | Killed Jessica
  1224 | D:2      | Reached XP level 3. HP: 4/16 MP: 6/8
  1497 | D:2      | Found a white marble altar of Elyvilon.
  1717 | D:2      | Learned a level 3 spell: Mephitic Cloud
  1758 | D:2      | Noticed Sigmund
  2251 | D:2      | Killed Sigmund
  2251 | D:2      | Reached skill level 1 in Conjurations
  2251 | D:2      | Reached XP level 4. HP: 17/21 MP: 5/11
  2251 | D:2      | Reached XP level 5. HP: 20/24 MP: 5/12
  2345 | D:2      | Found a glowing golden altar of the Shining One.
  3207 | D:3      | Reached XP level 6. HP: 28/28 MP: 12/14
  3243 | D:3      | Reached skill level 5 in Spellcasting
  3403 | D:3      | Found a bloodstained altar of Trog.
  3721 | D:3      | Learned a level 4 spell: Olgreb's Toxic Radiance
  3800 | D:4      | Reached skill level 5 in Poison Magic
  3854 | D:4      | Got a crude spear
  3863 | D:4      | Identified the cursed +1 spear of Frustration {pierce, rF++ Int+6 Dex-5} (You found it on level 4 of the Dungeon)
  4166 | D:4      | Found a blossoming altar of Fedhas.
  4378 | D:5      | Entered Level 5 of the Dungeon
  4742 | D:5      | Noticed an ice beast
  4748 | D:5      | Noticed Urgaas's ghost (amateur DsBe)
  5105 | D:5      | Found a sacrificial altar of Ru.
  5122 | D:5      | Reached XP level 7. HP: 29/32 MP: 12/16
  5181 | D:5      | Learned a level 3 spell: Ignite Poison
  5757 | D:6      | Noticed Rationalist's ghost (amateur MiFi)
  6082 | D:5      | Shot with an arrow by a centaur

Skill      XL: |  1  2  3  4  5  6 |
---------------+-------------------+-----
Spellcasting   | 3 4 5 |  5.8
Throwing       | 2 3 |  3.2
Conjurations   | 1 2 |  2.1
Poison Magic   | 5 |  5.3
Fighting       | |  0.2
Short Blades   | |  0.7
Polearms       | |  0.1
Dodging        | |  3.7
Stealth        | |  3.7
Transmutations | |  0.3
Air Magic      | |  0.3

Action                   |  1- 3 |  4- 6 |  7- 9 || total
-------------------------+-------+-------+-------++-------
Melee: Rapier            |       |    37 |       ||    37
       Spear             |       |    13 |    17 ||    30
Throw: Tomahawk          |    31 |    36 |     7 ||    74
       Stone             |     5 |    14 |       ||    19
 Cast: Sting             |    60 |    74 |    37 ||   171
       Cure Poison       |       |     1 |       ||     1
       Mephitic Cloud    |       |     5 |     4 ||     9
       Olgreb's Toxic Ra |       |     1 |       ||     1
       Ignite Poison     |       |       |     3 ||     3
  Use: Scroll            |     4 |     5 |       ||     9
       Potion            |       |     2 |       ||     2
 Stab: Confused          |       |       |     1 ||     1
  Eat: Bread ration      |       |     1 |       ||     1
Armor: Robe              |     1 |     6 |     2 ||     9
Dodge: Dodged            |     8 |    56 |    16 ||    80
